 Dungeon Crawl Stone Soup version 0.29-a0-284-gf9362112df (webtiles) character file.

Game seed: 672343761528734393

0 holysushi the Grasshopper (level 1, -1/16 HPs)
             Began as a Demonspawn Warper on Mar 19, 2022.
             Slain by a hobgoblin (2 damage)
             ... on level 1 of the Dungeon.
             The game lasted 00:00:24 (46 turns).

holysushi the Grasshopper (Demonspawn Warper)         Turns: 46, Time: 00:00:24

Health: -1/16      AC:  3    Str: 11    XL:     1   Next: 8%
Magic:  3/3        EV: 11    Int: 14    God:
Gold:   0          SH:  0    Dex: 12    Spells: 4/4 levels left

rFire   . . .      SeeInvis .   a - +0 short sword
rCold   . . .      Faith    .   (no shield)
rNeg    . . .      Spirit   .   b - +0 leather armour
rPois   .          Reflect  .   (no helmet)
rElec   .          Harm     .   (no cloak)
rCorr   .          Rampage  .   (no gloves)
Will    .....                   (no boots)
Stlth   +.........              (no amulet)
HPRegen 0.05/turn               (no ring)
MPRegen 0.08/turn               (no ring)

@: no status effects
A: no striking features
a: no special abilities


You were on level 1 of the Dungeon.
You visited 1 branch of the dungeon, and saw 2 of its levels.

Inventory:

Hand Weapons
 a - a +0 short sword (weapon)
Missiles
 d - 7 boomerangs of dispersal (quivered)
Armour
 b - a +0 leather armour (worn)
Scrolls
 c - a scroll of blinking


   Skills:
 + Level 2.0 Fighting
 + Level 1.7 Short Blades
 + Level 0.9 Throwing
 + Level 0.8 Armour
 + Level 1.7 Dodging
 + Level 2.0 Spellcasting
 + Level 2.6 Translocations


You had 4 spell levels left.
You didn't know any spells.
Your spell library contained the following spells:

 Spells                   Type           Power      Damage    Failure   Level
 Blink                    Tloc           16%        N/A       16%         2
 Gell's Gravitas          Tloc           8%         N/A       30%         3
 Lesser Beckoning         Tloc           8%         N/A       30%         3
 Teleport Other           Tloc           8%         N/A       30%         3
 Manifold Assault         Tloc           8%         N/A       96%         5


Dungeon Overview and Level Annotations

Branches:
Dungeon (2/15)

Altars:


Message History

The goblin shouts!
An adder comes into view.
A giant cockroach comes into view.
A hobgoblin comes into view.
The goblin closely misses you. The goblin attacks as you move away!
The goblin hits you with a +0 dagger. The rat attacks as you move away!
The rat misses you.
The hobgoblin shouts!
The goblin attacks as you move away! The goblin hits you but does no damage.
The hobgoblin hits you. The goblin attacks as you move away!
The goblin barely misses you. The hobgoblin attacks as you move away!
The hobgoblin closely misses you.
Found 15 gold pieces.
The rat bites you but does no damage. The goblin attacks as you move away!
The goblin hits you with a +0 dagger.
There is a stone staircase leading up here.
The rat bites you but does no damage. The rat barely misses you.
You climb upwards.
Found a stone staircase leading down.
There is a stone staircase leading down here.
The rat attacks as you move away! The rat closely misses you.
Found 9 stones.
The rat closely misses you. The hobgoblin attacks as you move away!
The hobgoblin barely misses you.
You see here 9 stones.
You barely miss the rat. The rat completely misses you.
You hit the rat but do no damage. The rat bites you but does no damage.
You barely miss the rat. The rat closely misses you.
You hit the rat but do no damage. The rat bites you.
* * * LOW HITPOINT WARNING * * *
You hit the rat.
The rat is severely wounded.
The rat bites you.
* * * LOW HITPOINT WARNING * * *
You aren't carrying any potions.
Okay, then.
You hit the rat.
You kill the rat!
You hit the hobgoblin.
The hobgoblin is severely wounded.
The hobgoblin hits you.
You die...

..≈≈. ≈≈≈≈.
#.... ≈≈≈≈)
##.... ≈≈≈≈.
#.....#
≈≈≈#.........##
## ####
.........# .#
.........# .#
.........###.##
.........rg@..#
.........###..#
.......>.#
.....
.......>##
#.####
.#.....## .#
###### .. .# .#


You could see a hobgoblin and a rat.

Vanquished Creatures
  A rat (D:1)
1 creature vanquished.

Notes
Turn   | Place    | Note
-------+----------+-------------------------------------------
     0 | D:1      | holysushi the Demonspawn Warper began the quest for the
                  | Orb.
     0 | D:1      | Reached XP level 1. HP: 16/16 MP: 3/3
    10 | D:1      | You fall into a shaft and drop 1 floor!
    46 | D:1      | Slain by a hobgoblin

Illustrated notes

Levels and vault maps discovered:
D:1:      dpeg_arrival_pond, layout_rooms
D:2:      layout_rooms, serial_shops, nicolae_shop_advertising_works
          [nicolae_subvault_shop_adworks], corexii_hall_statues_s,
          grunt_ministairs_12, minmay_circle_x

Action                   || total
-------------------------++-------
Melee: Short sword       ||     7
Armor: Leather armour    ||     4
Dodge: Dodged            ||    10

Table legend: (Time is in decaauts)
 A = Elapsed time spent in this place.
 B = Non-inter-level travel time spent in this place.
 C = Inter-level travel time spent in this place.
 D = Time resting spent in this place.
 E = Time spent auto-exploring this place.
 F = Levels seen in this place.
 G = Mean time per level.
                   A        B        C        D        E       F      G
               +--------+--------+--------+--------+--------+-----+--------+
         Total |     46 |     46 |      0 |      0 |     10 |   2 |   23.0 |
       Dungeon |     46 |     46 |      0 |      0 |     10 |   2 |   23.0 |
               +--------+--------+--------+--------+--------+-----+--------+

Top non-repeatable levels by time:
     D:2: 23 daAuts
     D:1: 22 daAuts
